 Dungeon Crawl Stone Soup version 0.20-a0-945-g3bf614a (webtiles) character file.

5259 tarabluh the Destroyer (level 10, -8/69 HPs)
             Began as a Grey Draconian Conjurer on Apr 1, 2017.
             Was an Elder of Vehumet.
             Mangled by an orc warrior
             ... wielding a +0 short sword
              (18 damage)
             ... on level 8 of the Dungeon.
             The game lasted 00:24:07 (7590 turns).

tarabluh the Destroyer (Grey Draconian Conjurer)    Turns: 7590, Time: 00:24:08

Health: -8/69      AC: 16    Str: 17    XL:     10   Next: 36%
Magic:  16/21      EV: 12    Int: 22    God:    Vehumet [****..]
Gold:   546        SH:  0    Dex: 11    Spells: 10/24 levels left

rFire    . . .     SeeInvis .   w - +5 mace "Oraulaf" {flame, rPois rN+ Int+4}
rCold    + . .     Gourm    .   (no shield)
rNeg     + . .     Faith    .   (armour unavailable)
rPois    +         Spirit   .   (helmet restricted)
rElec    .         Reflect  .   x - +0 cloak
rCorr    .         Harm     .   e - +0 pair of gloves
MR       .....                  m - +1 pair of boots
Stlth    ++........             (no amulet)
Regen    0.3/turn               B - ring of protection from cold
MPRegen  0.2/turn               C - +5 ring of strength

@: no status effects
A: walk through water, unfitting armour, unbreathing, cold-blooded, AC +12
a: Renounce Religion


You were on level 8 of the Dungeon.
You worshipped Vehumet.
Vehumet was greatly pleased with you.
You were very hungry.

You visited 2 branches of the dungeon, and saw 9 of its levels.
You also visited: Sewer.

You collected 546 gold pieces.

Inventory:

Hand Weapons
 g - a +2 dagger of venom
 l - a +0 blowgun
 w - the +5 mace "Oraulaf" (weapon) {flame, rPois rN+ Int+4}
   (You found it on level 5 of the Dungeon)

   It has been specially enchanted to burn those struck by it, causing extra
   injury to most foes and up to half again as much damage against particularly
   susceptible opponents.
   It affects your intelligence (+4).
   It protects you from poison.
   It protects you from negative energy.
Missiles
 q - 39 poisoned needles
 D - 12 tomahawks (quivered)
 I - a stone
Armour
 e - a +0 pair of gloves (worn)
 m - a +1 pair of boots (worn)
 x - a +0 cloak (worn)
Jewellery
 c - the ring "Penlake" {Wiz rElec rF- rN+}
   (You took it off a centaur on level 8 of the Dungeon)

   [ring of wizardry]

   It improves your spell success rate.
   It makes you vulnerable to fire.
   It insulates you from electricity.
   It protects you from negative energy.
 B - a ring of protection from cold (left hand)
 C - a +5 ring of strength (right hand)
Wands
 v - a wand of iceblast (1/15)
Scrolls
 d - 2 scrolls of amnesia
 i - a scroll of blinking
 j - 2 scrolls of fear {unknown}
 k - 2 scrolls of remove curse
 s - 2 scrolls of recharging {unknown}
 t - 2 scrolls of identify
 A - a scroll of fog {unknown}
 E - a scroll of noise {unknown}
 F - a scroll of magic mapping
Potions
 h - 2 potions of curing
 n - 4 potions of flight
 o - 2 potions of might
 p - a potion of cancellation
 u - a potion of haste
 z - 3 potions of heal wounds
 G - a potion of berserk rage
Books
 a - a book of Conjurations

   Spells                             Type                      Level
   a - Magic Dart                     Conjuration                  1
   b - Searing Ray                    Conjuration                  2
   c - Dazzling Spray                 Conjuration/Hexes            3
   d - Fulminant Prism                Conjuration/Hexes            4
   e - Force Lance                    Conjuration/Translocation    4
   f - Iskenderun's Mystic Blast      Conjuration                  4
 y - a book of Changes

   Spells                             Type                      Level
   a - Beastly Appendage              Transmutation                1
   b - Sticks to Snakes               Transmutation                2
   c - Spider Form                    Transmutation/Poison         3
   d - Ice Form                       Ice/Transmutation            4
   e - Blade Hands                    Transmutation                5
Comestibles
 b - 9 bread rations
 f - 7 meat rations
 r - a royal jelly
 H - 3 fruits


   Skills:
 - Level 1.7 Dodging
 - Level 1.7 Stealth
 + Level 7.9 Spellcasting
 * Level 12.3 Conjurations
 - Level 2.9 Hexes
 - Level 3.3 Translocations


You had 10 spell levels left.
You knew the following spells:

 Your Spells              Type           Power        Failure   Level  Hunger
a - Magic Dart            Conj           ####         1%          1    None
b - Searing Ray           Conj           ######       1%          2    None
c - Dazzling Spray        Conj/Hex       #####.       1%          3    None
d - Force Lance           Conj/Tloc      #####...     1%          4    ###....
e - Fulminant Prism       Conj/Hex       #####.....   1%          4    ###....


Dungeon Overview and Level Annotations

Branches:
Dungeon (8/15)             Temple (1/1) D:5
   Lair: D:8-11

Altars:
Ashenzari
Cheibriados
Dithmenos
Elyvilon
Fedhas
Gozag
Hepliaklqana
Kikubaaqudgha
Makhleb
Nemelex Xobeh
Okawaru
Ru
Uskayaw
Vehumet
Wu Jian
Xom
Yredelemnul
Zin
The Shining One


Innate Abilities, Weirdness & Mutations

You can walk through water.
Your dull iron-grey scales are very hard. (AC +12)
You cannot fit into any form of body armour.
You can survive without breathing.
You are cold-blooded and may be slowed by cold attacks.


Message History

You feel your power returning.
You finish channeling your searing ray.
The orc warrior throws a stone.
The stone hits you!
* * * LOW HITPOINT WARNING * * *
You see here 2 large rocks.
You start resting.
An orc warrior is nearby!
Casting: Searing Ray
Confirm with . or Enter, or press ? or * to list all spells.
Aiming: Searing Ray
Press: ? - help, Shift-Dir - straight line, f - orc warrior
Aim: an orc warrior, wielding a short sword and wearing a chain mail The searing ray hits the orc warrior.
The orc warrior is lightly wounded. (Press . to maintain the ray.)
The orc warrior throws a stone.
The stone closely misses you.
I - a stone The orc warrior drinks a potion.
The orc warrior seems to grow stronger.
There are no items here.
The orc warrior hits you with a short sword!!
You die...

#.###########.
#.# #. #.# #.
#.# ##.
######(## ##.#
#...((..# #..#
#.####..#
#(#..
#o####>...'
###.#
#.@..#..###..
#....
####.#...
##.## #.##. .
##.# .(# o#
....##. ## #
#.... ##.###
...... ###.###


You could see an orc warrior.

Vanquished Creatures
  A two-headed ogre (D:7)
  2 cyclopes (D:8)
  A hornet (D:7)
  Sigmund (D:2)
  4 yaks (D:8)
  An orc warrior (D:6)
  A phantom (D:6)
  2 sky beasts
  4 centaurs
  2 ogres
  A crocodile (Sewer)
  4 bullfrogs (D:6)
  2 big kobolds
  A gnoll sergeant (D:6)
  A water moccasin zombie (D:6)
  2 scorpions
  8 killer bees (D:8)
  2 vampire bats (D:6)
  A howler monkey (D:6)
  A crimson imp (D:8)
  5 jellies
  Crazy Yiuf (D:5)
  A quasit (D:7)
  2 orc priests (D:6)
  2 hounds
  An orc wizard (D:6)
  2 bullfrog skeletons
  Terence (D:2)
  An iguana (D:6)
  6 worker ants
  A hound zombie (D:6)
  8 gnolls
  8 adders
  6 shadow imps
  2 oozes
  An adder skeleton (D:4)
  2 worms (D:5)
  3 dart slugs
  4 leopard geckos
  17 orcs
  6 giant cockroaches
  11 goblins
  5 hobgoblins
  11 jackals
  6 quokkas
  2 ball pythons
  13 bats
  5 frilled lizards
  A jackal skeleton (D:6)
  38 kobolds
  7 rats
  10 plants (D:6)
231 creatures vanquished.

Vanquished Creatures (others)
  29 fulminant prisms
  A plant (D:6)
30 creatures vanquished.

Grand Total: 261 creatures vanquished

Notes
Turn   | Place    | Note
-------+----------+-------------------------------------------
     0 | D:1      | tarabluh the Draconian Conjurer began the quest for the Orb.
     0 | D:1      | Reached XP level 1. HP: 14/14 MP: 3/3
   341 | D:1      | Reached XP level 2. HP: 18/20 MP: 5/5
   915 | D:2      | Reached XP level 3. HP: 25/26 MP: 6/6
   963 | D:2      | Noticed Sigmund
  1110 | D:3      | Learned a level 2 spell: Searing Ray
  1171 | D:3      | Reached skill level 5 in Conjurations
  1189 | D:3      | Learned a level 3 spell: Dazzling Spray
  1328 | D:3      | Reached XP level 4. HP: 24/33 MP: 6/8
  1938 | D:3      | Found a sparkling altar of Nemelex Xobeh.
  2380 | D:4      | Reached XP level 5. HP: 24/38 MP: 9/9
  2951 | D:5      | Entered Level 5 of the Dungeon
  2951 | D:5      | Noticed an ogre
  2957 | D:5      | Killed an ogre
  2957 | D:5      | Reached skill level 6 in Conjurations
  2973 | D:5      | Reached XP level 6. HP: 12/45 MP: 0/12
  3072 | D:5      | Found a staircase to the Ecumenical Temple.
  3089 | Temple   | Entered the Ecumenical Temple
  3131 | Temple   | Became a worshipper of Vehumet
  3161 | D:5      | Noticed a sky beast
  3174 | D:5      | Killed a sky beast
  3433 | D:5      | Got a crude mace
  3434 | D:5      | Identified the +5 mace "Oraulaf" {flame, rPois rN+ Int+4} (You found it on level 5 of the Dungeon)
  3437 | D:5      | Found a runed door.
  3441 | D:5      | Noticed Crazy Yiuf
  3447 | D:5      | Killed Crazy Yiuf
  3447 | D:5      | Your scales start taking on a dull iron-grey colour.
  3447 | D:5      | Reached XP level 7. HP: 47/50 MP: 7/14
  3447 | D:5      | Gained mutation: You can survive without breathing. [Grey Draconian growth]
  3652 | D:5      | Reached skill level 5 in Spellcasting
  3666 | D:5      | Reached skill level 7 in Conjurations
  3921 | D:5      | Learned a level 4 spell: Force Lance
  3926 | D:5      | Learned a level 4 spell: Fulminant Prism
  4124 | D:2      | Killed Sigmund
  4124 | D:2      | Reached skill level 1 in Hexes
  4124 | D:2      | Reached skill level 1 in Translocations
  4128 | D:2      | Noticed Terence
  4192 | D:2      | Killed Terence
  4238 | D:2      | Reached * piety under Vehumet
  4238 | D:2      | Offered knowledge of Sandblast by Vehumet.
  4858 | D:6      | Reached XP level 8. HP: 54/57 MP: 6/15
  4876 | D:6      | Reached skill level 8 in Conjurations
  5049 | D:6      | Found a glowing drain.
  5057 | D:6      | HP: 2/57 [orc wizard/dagger (4)]
  5058 | Sewer    | Entered a sewer
  5450 | D:6      | Reached ** piety under Vehumet
  5450 | D:6      | Offered knowledge of Shock by Vehumet.
  5451 | D:6      | Reached skill level 9 in Conjurations
  6033 | D:6      | Offered knowledge of Mephitic Cloud by Vehumet.
  6098 | D:6      | Reached XP level 9. HP: 58/62 MP: 15/17
  6112 | D:6      | Reached *** piety under Vehumet
  6329 | D:6      | Reached skill level 10 in Conjurations
  6629 | D:7      | Noticed a two-headed ogre
  6676 | D:7      | Killed a two-headed ogre
  6676 | D:7      | Reached skill level 11 in Conjurations
  6785 | D:7      | Offered knowledge of Airstrike by Vehumet.
  7122 | D:8      | Reached **** piety under Vehumet
  7143 | D:8      | Reached XP level 10. HP: 38/69 MP: 11/21
  7247 | D:8      | Found a shattered altar of Ashenzari.
  7294 | D:8      | Noticed a cyclops
  7356 | D:8      | Killed a cyclops
  7356 | D:8      | Reached skill level 12 in Conjurations
  7381 | D:8      | Offered knowledge of Ignite Poison by Vehumet.
  7481 | D:8      | Got a scorched turquoise ring
  7486 | D:8      | Identified the ring "Penlake" {Wiz rElec rF- rN+} (You took it off a centaur on level 8 of the Dungeon)
  7565 | D:8      | Noticed a cyclops
  7576 | D:8      | Killed a cyclops
  7590 | D:8      | Mangled by an orc warrior

Vault maps used:
D:1:      dpeg_arrival_solitude, lemuel_old_faithful
D:2:      uniq_sigmund, uniq_terence
D:3:      nemelex_lonely_heart_becter
D:4:      first_bread
D:5:      minmay_temple_entry_glass, uniq_crazy_yiuf_cottage
D:6:      kennysheep_kobold_camp, gup_sewer_entry_bubbles,
          minmay_guarded_unrand_vampires_tooth
D:8:      minmay_bloctagon_deflated, ashenzari_altar_1
Temple:   grunt_wide_crystal_templ
Sewer:    sewer_the_crocodile

Skill      XL: |  1  2  3  4  5  6  7  8  9 10 |
---------------+-------------------------------+-----
Conjurations   | 5 6 7 9 11 12 | 12.3
Spellcasting   | 3 4 5 7 |  7.9
Hexes          | 1 2 |  2.9
Translocations | 2 3 |  3.3
Dodging        | |  1.7
Stealth        | |  1.7

Action                   |  1- 3 |  4- 6 |  7- 9 | 10-12 || total
-------------------------+-------+-------+-------+-------++-------
Melee: Dagger            |    79 |   126 |       |       ||   205
       Tailslap          |     5 |     9 |    45 |       ||    59
       Mace              |       |       |   302 |       ||   302
 Cast: Magic Dart        |     8 |    11 |    22 |     1 ||    42
       Searing Ray       |       |     7 |    24 |     7 ||    38
       Dazzling Spray    |       |     1 |     3 |       ||     4
       Fulminant Prism   |       |       |    22 |     7 ||    29
       Force Lance       |       |       |     3 |       ||     3
  Use: Scroll            |       |     3 |    15 |       ||    18
       Potion            |       |       |     2 |       ||     2
 Stab: Sleeping          |     3 |       |     4 |       ||     7
  Eat: Chunk             |     1 |     7 |    15 |       ||    23
       Royal jelly       |       |       |       |     1 ||     1
Armor: Skin              |    33 |    51 |   199 |    16 ||   299
Dodge: Dodged            |    51 |    88 |   262 |    16 ||   417
